 Dungeon Crawl Stone Soup version 0.30-a0-622-gddc90eaa04 (webtiles) character file.

Game seed: 9812546245629756418

5 IdlyInterested the Ducker (level 1, -5/16 HPs)
             Began as a Demonspawn Gladiator on Jan 10, 2023.
             Slain by a kobold
             ... wielding a +1 dagger of distortion
              (7 damage)
             ... on level 1 of the Dungeon.
             The game lasted 00:00:32 (368 turns).

IdlyInterested the Ducker (Demonspawn Gladiator)     Turns: 368, Time: 00:00:33

Health: -5/16      AC:  4    Str: 14    XL:     1   Next: 66%
Magic:  1/1        EV: 12    Int:  9    God:
Gold:   47         SH:  0    Dex: 14    Spells: 0/0 levels left

rFire   . . .      SeeInvis .    a - +0 war axe
rCold   . . .      Faith    .    (no shield)
rNeg    . . .      Spirit   .    b - +0 leather armour
rPois   .          Reflect  .    c - +0 helmet
rElec   .          Harm     .    (no cloak)
rCorr   .          Rampage  .    (no gloves)
Will    .....                    (no boots)
Stlth   +                        (no amulet)
HPRegen 0.22/turn                (no ring)
MPRegen 0.07/turn                (no ring)

@: no status effects
A: no striking features
a: no special abilities


You were on level 1 of the Dungeon.
You visited 1 branch of the dungeon, and saw 1 of its levels.

You collected 47 gold pieces.

Inventory:

Hand Weapons
 a - a +0 war axe (weapon)
Missiles
 d - 3 throwing nets (quivered)
 e - a javelin
Armour
 b - a +0 leather armour (worn)
 c - a +0 helmet (worn)
Scrolls
 h - a scroll of blinking {unknown}
Potions
 f - a potion of flight {unknown}
 g - a potion of cancellation {unknown}
 i - 2 potions of lignification {unknown}


   Skills:
 * Level 2.0 Fighting
 + Level 2.8 Axes
 - Level 1.7 Throwing
 * Level 2.9 Dodging


You couldn't memorise any spells.
You didn't know any spells.
Your spell library was empty.

Dungeon Overview and Level Annotations

Branches:
Dungeon (1/15)

Altars:


Message History

a +0 short sword; a kobold corpse HP restored.
A hobgoblin comes into view.
The hobgoblin shouts!
You see here 2 sedimented yellow potions.
i - 2 sedimented yellow potions The hobgoblin hits you.
You hit the hobgoblin.
You kill the hobgoblin!
There is a stone staircase leading down here.
A hobgoblin comes into view.
The hobgoblin shouts!
The hobgoblin hits you.
You slash the hobgoblin!
You kill the hobgoblin!
A goblin comes into view. It is wielding a +0 club.
The helpless goblin fails to defend itself.
You slash the goblin!
You kill the goblin!
Things that are here:
a +0 club; a goblin corpse
Found a robe.
You see here a +0 robe.
Found a quarterstaff.
Found a stone staircase leading down.
There is a stone staircase leading down here.
A kobold comes into view.
It is wielding a +1 dagger of distortion.
The kobold shouts!
The kobold closely misses you.
You hit the kobold but do no damage. The kobold hits you but does no damage.
Space warps horribly around you!
Ouch! That really hurt!
* * * LOW HITPOINT WARNING * * *
The kobold misses you.
You miss the kobold. The kobold misses you.
You closely miss the kobold.
The kobold hits you with a +1 dagger of distortion.
* * * LOW HITPOINT WARNING * * *
Space warps around you!
You die...

### ###
###.###.############
#.......#...........
......#.###.#.##########
##### #.# #.#.# #@#
#.#.# #K# #.#.# #.#
#.#.# #.. #.#.# ###
#.#.# #.#.#####
#>#..)..# #.......#
#.......#


You could see a kobold.

Vanquished Creatures
  A goblin (D:1)
  2 hobgoblins (D:1)
  2 kobolds (D:1)
5 creatures vanquished.

Notes
Turn   | Place    | Note
-------+----------+-------------------------------------------
     0 | D:1      | IdlyInterested the Demonspawn Gladiator began the quest for
                  | the Orb.
     0 | D:1      | Reached XP level 1. HP: 16/16 MP: 1/1
   368 | D:1      | Slain by a kobold

Illustrated notes

Levels and vault maps discovered:
D:1:      lightli_molten_gateway, layout_basic,
          shapermc_ecumenical_altar_mp_urbaneastern, corner_web_ring,
          minmay_tetromino_i4

Action                   || total
-------------------------++-------
Melee: War axe           ||    11
 Stab: Sleeping          ||     1
Armor: Leather armour    ||     2
Dodge: Dodged            ||     5

Table legend: (Time is in decaauts)
 A = Elapsed time spent in this place.
 B = Non-inter-level travel time spent in this place.
 C = Inter-level travel time spent in this place.
 D = Time resting spent in this place.
 E = Time spent auto-exploring this place.
 F = Levels seen in this place.
 G = Mean time per level.
                   A        B        C        D        E       F      G
               +--------+--------+--------+--------+--------+-----+--------+
         Total |    371 |    371 |      0 |      0 |    317 |   1 |  371.0 |
       Dungeon |    371 |    371 |      0 |      0 |    317 |   1 |  371.0 |
               +--------+--------+--------+--------+--------+-----+--------+

Top non-repeatable levels by time:
     D:1: 371 daAuts
